 Dungeon Crawl Stone Soup version 0.22-a0-423-g4197694 (webtiles) character file.

97 iamserjio the Slasher (level 4, -3/60 HPs)
             Began as a Minotaur Monk on May 23, 2018.
             Killed by divine providence
             ... invoked by an orc priest
              (8 damage)
             ... on level 3 of the Dungeon.
             The game lasted 00:04:22 (2251 turns).

iamserjio the Slasher (Minotaur Monk)               Turns: 2251, Time: 00:04:23

Health: -3/60      AC: 22    Str: 15    XL:     4   Next: 42%
Magic:  3/3        EV:  2    Int:  7    God:
Gold:   136        SH:  4    Dex: 19    Spells: 3/3 levels left

rFire    . . .     SeeInvis .   a - +0 falchion
rCold    . . .     Gourm    .   k - +0 buckler
rNeg     + + +     Faith    .   (armour currently unavailable)
rPois    +         Spirit   .   (helmet currently unavailable)
rElec    .         Reflect  .   (cloak currently unavailable)
rCorr    .         Harm     .   (gloves currently unavailable)
MR       .....     NoTele   +   (boots currently unavailable)
Stlth    +++.......             (no amulet)
HPRegen  0.20/turn              (no ring)
MPRegen  0.08/turn              (no ring)

@: agile, tree-form
A: (retaliatory headbutt)
a: no special abilities


You were on level 3 of the Dungeon.
You were not hungry.
You were a tree.
You visited 1 branch of the dungeon, and saw 3 of its levels.

You collected 136 gold pieces.

Inventory:

Hand Weapons
 a - a +0 falchion (weapon)
Armour
 b - a +0 robe
 g - a +0 leather armour (melded)
 k - a +0 buckler (worn)
 n - a +3 scale mail of cold resistance
Scrolls
 d - a scroll of fear {unknown}
 e - a scroll of immolation {unknown}
 f - 6 scrolls of identify {unknown}
 h - a scroll of enchant armour {unknown}
 i - a scroll of random uselessness {unknown}
 m - a scroll of remove curse {unknown}
 p - a scroll of amnesia {unknown}
Potions
 j - a potion of flight
Comestibles
 c - 6 rations


   Skills:
 - Level 4.0 Fighting
 * Level 5.0 Long Blades
 + Level 2.1 Armour
 - Level 4.0 Dodging
 - Level 1.5 Stealth
 - Level 0.2 Shields


You had 3 spell levels left.
You didn't know any spells.
Your spell library was empty.

Dungeon Overview and Level Annotations

Branches:
Dungeon (3/15)

Altars:
Cheibriados


Innate Abilities, Weirdness & Mutations

((You reflexively headbutt those who attack you in melee.))
((You have a pair of horns on your head.))


Message History

You hit the orc priest but do no damage.
The orc wizard points at you and mumbles some strange words.
The magic dart hits you!
The orc priest casts a cantrip, but nothing happens.
The orc wizard barely misses you.
You hit the orc priest.
The orc priest is moderately wounded.
The orc wizard completely misses you.
The orc priest hits you but does no damage.
The orc wizard hits you but does no damage.
You hit the orc priest but do no damage.
The orc priest is moderately wounded.
The orc priest hits you but does no damage.
The orc wizard hits you but does no damage.
You hit the orc priest.
The orc priest is heavily wounded.
The orc wizard hits you but does no damage.
The orc priest invokes the aid of Beogh against you.
Beogh smites you!
You die...

###.......#
#........#
#.'.......#
######......#
#.#.......# ..#
......#
#.###'##### #.#
......# #.# #.#
#.# #.# #.# #.#
##.# #.# #.# ...#
#.# #o# ####
#.#########♣#
######.#.......o.#
....##.#.#########
.##....#.#
.#######.#
.........#
##########


You could see an orc priest and an orc wizard.

Vanquished Creatures
  Terence (D:3)
  An adder (D:3)
  A worm (D:3)
  4 dart slugs
  A leopard gecko (D:1)
  2 orcs (D:3)
  5 bats
  6 giant cockroaches
  6 hobgoblins
  A quokka (D:2)
  5 frilled lizards
  4 goblins
  4 kobolds
  7 rats
48 creatures vanquished.

Notes
Turn   | Place    | Note
-------+----------+-------------------------------------------
     0 | D:1      | iamserjio the Minotaur Monk began the quest for the Orb.
     0 | D:1      | Reached XP level 1. HP: 19/19 MP: 0/0
   124 | D:1      | Reached XP level 2. HP: 8/27 MP: 1/1
   362 | D:1      | Reached skill level 4 in Long Blades
   570 | D:1      | Reached skill level 1 in Armour
  1321 | D:2      | Reached XP level 3. HP: 33/33 MP: 2/2
  1863 | D:3      | Noticed Terence
  1882 | D:3      | Killed Terence
  1882 | D:3      | Reached XP level 4. HP: 19/40 MP: 3/3
  2063 | D:3      | Found a snail-covered altar of Cheibriados.
  2199 | D:3      | Reached skill level 5 in Long Blades
  2243 | D:3      | HP: 2/40 [orc priest/divine providence (13)]
  2251 | D:3      | Killed from afar by an orc priest

Vault maps used:
D:1:      dpeg_arrival_chase, grunt_decor_clamped
D:3:      overflow_temple_1_default, lemuel_coloured_pillars_altar, uniq_terence

Skill      XL: |  1  2  3  4 |
---------------+-------------+-----
Long Blades    | 4 5 |  5.0
Armour         | 1 2 |  2.1
Fighting       | 4 |  4.0
Dodging        | 4 |  4.0
Stealth        | |  1.5
Shields        | |  0.2

Action                   |  1- 3 |  4- 6 || total
-------------------------+-------+-------++-------
Melee: Falchion          |    84 |    45 ||   129
       Headbutt          |    14 |     8 ||    22
  Use: Potion            |       |     4 ||     4
 Stab: Sleeping          |     6 |     1 ||     7
  Eat: Chunk             |     2 |     2 ||     4
Armor: Leather armour    |     9 |     7 ||    16
       Robe              |     1 |       ||     1
       Skin              |       |    10 ||    10
Dodge: Dodged            |    43 |    25 ||    68
Block: Buckler           |     9 |     6 ||    15
       Rpst.: Falchion   |    10 |     7 ||    17

Table legend:
 A = Spawn XP
 B = Non-spawn XP
 C = Spawn XP percentage of total XP
 D = Spawn monster count
 E = Non-spawn monster count
 F = Spawn count percentage of total count
 G = Total turns spent on level
                    A         B        C        D         E        F      G
               +---------+---------+-------+---------+---------+-------+---------
         Total |       0 |     139 |   0.0 |       0 |      48 |   0.0 |  2251
               +---------+---------+-------+---------+---------+-------+---------
           D:1 |       0 |      39 |   0.0 |       0 |      22 |   0.0 |  1289
           D:2 |       0 |      23 |   0.0 |       0 |      14 |   0.0 |   566
           D:3 |       0 |      77 |   0.0 |       0 |      12 |   0.0 |   396
               +---------+---------+-------+---------+---------+-------+---------
